AoeStats
← Psychonaut

Black Forest

505128594Analyzed
4v4 RM · 26d ago on Sep 8, 2026· 60m 6s· 8 players
Game mode
Random Map
Map size
Large (8 player)
Population
200
Speed
Normal
Resources
Standard
Victory
Conquest
Starting age
Dark Age
Ending age
Imperial Age
RankedLock teamsTeams togetherTeam positionsShared explorationLock speedFull tech treeHidden civsTurbo modeCheats
Victory
Defeat
🇺🇸 Bohemians · United States
920
+16
🇨🇳 Khmer · China
918
+16
🇹🇷 Spanish · Türkiye
893
+17
🇩🇪 Franks · Germany
850
+19
🇧🇷 Bohemians · Brazil
1056
-22
🇷🇴 Aztecs · Romania
948
-18
🇧🇷 Georgians · Brazil
869
-15
🇬🇧 Japanese · United Kingdom
809
-13
jwblsu
0:27 Loom
12:15 Feudal Age
17:40 Castle Age
15:55 Double-Bit Axe
16:09 Horse Collar
21:05 Bow Saw
21:19 Heavy Plow
21:14 Pikeman
21:55 Squires
23:39 Scale Mail Armor
23:49 Forging
25:20 Chemistry
24:01 Treadmill Crane
25:21 Wheelbarrow
30:36 Imperial Age
28:28 Hand Cart
30:53 Halberdier
32:44 Two-Man Saw
33:35 Chain Mail Armor
33:27 Padded Archer Armor
33:55 Ballistics
35:36 Plate Mail Armor
35:42 Iron Casting
36:22 Leather Archer Armor
36:17 Houfnice
38:47 Blast Furnace
47:23 Ring Archer Armor
47:04 Siege Engineers
49:08 Caravan
51:33 Masonry
53:22 Conscription
53:11 Wagenburg Tactics
56:31 Guard Tower
57:04 Bombard Tower
56:45 Arrowslits
56:59 Murder Holes
TrueCrime
0:29 Loom
12:39 Feudal Age
14:19 Double-Bit Axe
18:07 Castle Age
18:58 Wheelbarrow
19:22 Bow Saw
24:34 Caravan
27:35 Fervor
30:05 Stone Mining
30:06 Gold Mining
30:36 Scale Barding Armor
33:54 Imperial Age
31:52 Chain Barding Armor
31:43 Forging
32:18 Gold Shaft Mining
32:14 Hand Cart
32:45 Husbandry
34:45 Iron Casting
34:01 Fletching
34:11 Padded Archer Armor
34:35 Cavalier
35:58 Plate Barding Armor
36:28 Blast Furnace
37:11 Conscription
36:52 Chivalry
37:14 #83
36:37 Paladin
38:03 Leather Archer Armor
37:43 Bodkin Arrow
38:53 Chemistry
38:15 Ballistics
41:45 Elite Throwing Axeman
52:01 Scale Mail Armor
cmblqn
2:47 Loom
22:07 Feudal Age
22:36 Double-Bit Axe
22:34 Horse Collar
23:47 Wheelbarrow
26:16 Town Watch
30:19 Castle Age
29:32 Gold Mining
29:35 Stone Mining
29:51 Fletching
30:02 Padded Archer Armor
31:27 Bow Saw
31:21 Heavy Plow
32:04 Hand Cart
32:58 Leather Archer Armor
32:39 Bodkin Arrow
36:35 Ballistics
36:27 Masonry
36:36 Caravan
38:53 Scale Barding Armor
39:01 Forging
41:50 Imperial Age
44:33 Chemistry
44:07 Ring Archer Armor
43:09 Elite Conquistador
45:50 Two-Man Saw
46:40 Bracer
47:16 Iron Casting
50:27 Guilds
52:04 Coinage
58:09 Banking
電動遊戯
1:53 Loom
11:39 Feudal Age
17:20 Castle Age
15:14 Double-Bit Axe
15:52 Horse Collar
19:32 Bow Saw
30:12 Stone Mining
30:55 Caravan
30:56 Gold Mining
32:27 Wheelbarrow
33:51 Hand Cart
33:48 Fletching
34:20 Ballistics
34:10 Fortified Wall
33:56 Murder Holes
34:50 Gold Shaft Mining
34:52 Stone Shaft Mining
37:02 Imperial Age
34:39 Town Watch
35:39 Coinage
35:28 Bodkin Arrow
35:38 Scale Barding Armor
35:55 Pikeman
36:47 Masonry
36:59 Scale Barding Armor
36:58 Town Patrol
37:22 Arson
38:07 Conscription
37:48 Double Crossbow
38:27 Hoardings
39:07 Chemistry
38:24 Bracer
38:44 Chain Barding Armor
38:46 Heavy Plow
38:28 Elite Ballista Elephant
40:36 Chain Barding Armor
40:39 Siege Engineers
40:14 Capped Ram
42:01 Devotion
42:12 Fervor
42:23 Sanctity
42:37 Halberdier
43:46 Husbandry
44:57 Faith
45:13 Bloodlines
44:24 Light Cavalry
47:03 Architecture
45:56 Hussar
55:27 Siege Ram
58:10 Redemption
58:25 Illumination
60:48 Plate Barding Armor
60:23 Forging
60:13 Scale Mail Armor
Psychonaut
8:05 Loom
10:43 Feudal Age
13:01 Wheelbarrow
15:38 Castle Age
14:13 Double-Bit Axe
19:56 Horse Collar
22:07 Bow Saw
24:26 Heavy Plow
27:50 Hand Cart
28:53 Fletching
29:04 Padded Archer Armor
29:36 Fervor
33:19 Imperial Age
31:31 Forging
31:22 Scale Mail Armor
32:30 Chemistry
32:09 Bodkin Arrow
32:29 Leather Archer Armor
32:51 Iron Casting
32:22 Caravan
32:17 Town Watch
34:24 Bracer
34:55 Ring Archer Armor
34:17 Houfnice
35:05 Siege Engineers
35:21 Bombard Tower
34:41 Pikeman
35:21 Squires
35:07 Arson
35:38 Chain Mail Armor
37:21 Two-Man Saw
37:33 Wagenburg Tactics
37:51 Conscription
37:59 Town Patrol
37:45 Halberdier
38:49 Ballistics
38:40 Masonry
40:46 Blast Furnace
40:16 Plate Mail Armor
40:25 Block Printing
43:39 Architecture
46:32 Hussite Reforms
47:46 Coinage
51:42 Banking
51:22 Guilds
BellBoi
12:56 Feudal Age
19:19 Castle Age
20:09 Double-Bit Axe
31:58 Imperial Age
32:02 Gold Mining
32:02 Stone Mining
31:56 Horse Collar
32:30 Bow Saw
32:32 Forging
32:22 Scale Mail Armor
33:04 Kataparuto
35:25 Chemistry
36:19 Iron Casting
36:00 Chain Mail Armor
36:10 Ballistics
35:48 Murder Holes
36:19 Elite Samurai
38:45 Heavy Plow
48:57 Pikeman
49:52 Halberdier
51:15 Arson
51:31 Squires
Veni Vidi Avicii 2
6:04 Loom
12:40 Feudal Age
18:18 Castle Age
16:29 Horse Collar
16:37 Double-Bit Axe
17:28 Gold Mining
19:35 Heavy Plow
20:36 Bow Saw
30:28 Wheelbarrow
29:39 Town Watch
31:19 Forging
31:09 Scale Mail Armor
31:10 Padded Archer Armor
31:00 Fletching
31:44 Coinage
31:55 Caravan
33:08 Iron Casting
32:56 Chain Mail Armor
36:02 Imperial Age
33:50 Hand Cart
34:35 Murder Holes
34:20 Treadmill Crane
35:01 Ballistics
34:52 Fortified Wall
34:43 Bodkin Arrow
35:04 Leather Archer Armor
35:37 Gold Shaft Mining
34:53 Stone Mining
35:13 Town Patrol
35:33 Atlatl
35:51 Arson
36:07 Squires
35:52 Gambesons
35:28 Pikeman
37:06 Block Printing
37:04 Fervor
37:08 Redemption
37:24 Sanctity
37:34 Illumination
37:49 Theocracy
37:51 Crop Rotation
37:49 Conscription
37:50 Garland Wars
37:01 Sappers
38:46 Blast Furnace
38:17 Plate Mail Armor
38:40 Bracer
39:43 Chemistry
38:22 Elite Skirmisher
40:28 Banking
42:00 Plate Mail Armor
44:10 Elite Jaguar Warrior
45:26 Elite Jaguar Warrior
RHMM16
0:28 Loom
15:39 Feudal Age
20:23 Castle Age
18:43 Horse Collar
19:08 Stone Mining
19:14 Double-Bit Axe
28:46 Wheelbarrow
29:09 Heavy Plow
33:25 Imperial Age
32:03 Gold Mining
33:31 Bloodlines
33:23 Husbandry
33:32 Scale Barding Armor
33:38 Forging
34:59 Conscription
37:21 Hand Cart
36:45 Elite Monaspa
39:47 Chain Barding Armor
40:04 Iron Casting
40:53 Aznauri Cavalry
41:53 Plate Barding Armor
44:48 Arson
45:03 Squires
44:24 Pikeman
50:10 Halberdier
54:11 Caravan
Connection lost

Rejoining the realm…

Still unreachable

The connection could not be restored.

Session expired

The server has moved on; the page needs a fresh start.